 Dungeon Crawl Stone Soup version 0.29.1-4-g47bece8355 (webtiles) character file.

Game seed: 11124228042559170282

102 FexLirch the Changer (level 5, 0/66 HPs)
             Began as a Meteoran Wanderer on Dec 7, 2022.
             Was a Follower of Okawaru.
             Succumbed to a scorpion's poison
             ... on level 4 of the Dungeon.
             The game lasted 00:10:36 (821 turns).

FexLirch the Changer (Meteoran Wanderer)             Turns: 821, Time: 00:10:37

Health: 0/66       AC:  3    Str: 15 (16) XL:     5   Next: 27%
Magic:  2/11       EV: 11    Int: 12 (14) God:    Okawaru [*.....]
Gold:   56         SH:  0    Dex:  9 (12) Spells: 8/11 levels left

rFire   . . .      SeeInvis .   p - +2 short sword (elec)
rCold   . . .      Faith    .   (no shield)
rNeg    . . .      Spirit   +   d - +0 leather armour
rPois   .          Reflect  .   (no helmet)
rElec   .          Harm     .   (no cloak)
rCorr   .          Rampage  .   (no gloves)
Will    .....                   (no boots)
Stlth   ..........              h - amulet of guardian spirit
HPRegen 0.21/turn               (no ring)
MPRegen 0.12/turn               (no ring)

@: mighty, berserking (expiring), lethally poisoned (0 -> -9), glowing, very
quick
A: sense surroundings 1, otherworldly, glowing, explore regen
a: Renounce Religion, Heroism


You were on level 4 of the Dungeon.
You worshipped Okawaru.
Okawaru was aware of your devotion.
You visited 1 branch of the dungeon, and saw 3 of its levels.

You collected 56 gold pieces.

Inventory:

Hand Weapons
 a - a +0 spear
 c - a +0 dagger
 p - a +2 short sword of electrocution (weapon)
Missiles
 b - 7 boomerangs (quivered)
Armour
 d - a +0 leather armour (worn)
Magical Staves
 o - a staff of earth
Jewellery
 h - an amulet of guardian spirit (around neck)
Scrolls
 n - a scroll of noise {unknown}
Potions
 g - a potion of flight
 j - 2 potions of might
 k - a potion of resistance
 l - a potion of haste {unknown}
 m - a potion of mutation


   Skills:
 + Level 2.8 Fighting
 + Level 1.6 Short Blades
 - Level 1.2 Polearms
 - Level 3.6 Throwing
 + Level 2.0 Dodging
 - Level 3.6 Spellcasting
 - Level 3.6 Transmutations
 - Level 1.2 Evocations


You had 8 spell levels left.
You knew the following spells:

 Your Spells              Type           Power      Damage    Failure   Level
a - Beastly Appendage     Tmut           20%        N/A       6%          1
b - Passwall              Tmut/Erth      5%         N/A       21%         2

Your spell library contained the following spells:

 Spells                   Type           Power      Damage    Failure   Level
 Petrify                  Tmut/Erth      6%         N/A       80%         4


Dungeon Overview and Level Annotations

Branches:
Dungeon (2/15) Zot: 976

Altars:
Okawaru


Innate Abilities, Weirdness & Mutations

You passively map a small area around you.
You are easily found by Zot.
You glow in the dark.
You regain HP and MP as you explore.


Message History

The scorpion stings you but does no damage.
The scorpion stings you.
You are poisoned.
The scorpion poisons you!
It was a potion of mutation.
You feel extremely strange.
Your connection to magic feels subdued.
Your magic regains its normal vibrancy.
* * * LOW HITPOINT WARNING * * *
You feel sick. The scorpion stings you.
* * * LOW HITPOINT WARNING * * *
It was a potion of degeneration.
There was something very wrong with that liquid.
You feel weakened.
You feel dopey.
You feel clumsy.
* * * LOW HITPOINT WARNING * * *
You feel sick. The scorpion closely misses you.
It was a potion of berserk rage.
A red film seems to cover your vision as you go berserk!
You feel yourself moving faster!
You feel mighty!
You feel sick. The scorpion stings you.
* * * LOW HITPOINT WARNING * * *
You are lethally poisoned!
The scorpion poisons you!
You are too berserk!
You puncture the scorpion!
You kill the scorpion!
Okawaru accepts your kill.
* * * LOW HITPOINT WARNING * * *
You feel very sick.
You feel your strength returning.
You feel your intelligence returning.
Your Short Blades skill increases to level 1!
Your Dodging skill gained 2 levels and is now at level 2!
You have reached level 5!
There is a lethal amount of poison in your body!
* * * LOW HITPOINT WARNING * * *
You feel very sick.
You are too berserk!
You are too berserk!
You feel a strong urge to attack something.
* * * LOW HITPOINT WARNING * * *
You feel sick.
You die...

* # ### ** ,
.# ####.# ,
.. ###...#.#
,, , #.#
###..@###...
, , ,** #..
##...###
*#5#.. #..##
###...## #.
.s. #..#
###...### ..
..,
,#..###...###
**.. #
##.....###
#.# #....##
#..### #.##
,**


There were no monsters in sight!

Vanquished Creatures
  A scorpion (D:4)
  An ufetubus (D:4)
  A worm (D:2)
  3 dart slugs
  A ball python (D:2)
  An endoplasm (D:1)
  5 goblins
  2 hobgoblins (D:2)
  3 kobolds
  3 bats (D:2)
  A frilled lizard (D:2)
  4 rats (D:1)
26 creatures vanquished.

Notes
Turn   | Place    | Note
-------+----------+-------------------------------------------
     0 | D:1      | FexLirch the Meteoran Wanderer began the quest for the Orb.
     0 | D:1      | FexLirch set off with the following items: a +0 spear, 7
                  | boomerangs, a +0 dagger, a +0 leather armour; and the
                  | following spell memorised: Beastly Appendage; and the
                  | following spells available to memorise: Passwall, Petrify.
     0 | D:1      | Reached XP level 1. HP: 14/14 MP: 5/5
    71 | D:2      | Reached XP level 2. HP: 20/22 MP: 7/7
    75 | D:2      | Reached skill level 1 in Fighting
   186 | D:1      | Reached XP level 3. HP: 19/28 MP: 8/8
   277 | D:1      | Learned a level 2 spell: Passwall
   547 | D:1      | Found a faded altar of an unknown god.
   565 | D:1      | Prayed at the altar of an unknown god.
   565 | D:1      | Became a worshipper of Warmaster Okawaru
   565 | D:1      | Reached * piety under Okawaru
   774 | D:2      | You fall into a shaft and drop 2 floors!
   798 | D:4      | Noticed a scorpion
   808 | D:4      | Reached XP level 4. HP: 21/36 MP: 5/10
   815 | D:4      | Gained mutation: Your spells are a little easier to cast,
                  | but a little less powerful. [potion of mutation]
   815 | D:4      | Lost mutation: Your spells are a little easier to cast, but
                  | a little less powerful. [potion of mutation]
   818 | D:4      | Killed a scorpion
   819 | D:4      | Reached skill level 1 in Short Blades
   819 | D:4      | Reached XP level 5. HP: 6/44 MP: 1/11
   819 | D:4      | HP: 3/66 [poisoned by a scorpion]
   821 | D:4      | Succumbed to a scorpion's poison

Illustrated notes

Levels and vault maps discovered:
D:1:      psy_arrival_spokes, layout_basic, ebering_ecumenical_altar_ruins
D:2:      layout_rooms, st_stairs_3
D:4:      layout_cave_pods, kennysheep_windowed_goal, uniq_ijyb, uniq_grinder,
          uniq_robin

Skill      XL: |  1  2  3  4 |
---------------+-------------+-----
Spellcasting   | 3 |  3.6
Fighting       | 1 2 |  2.8
Short Blades   | 1 |  1.6
Dodging        | 2 |  2.0
Polearms       | |  1.2
Throwing       | |  3.6
Transmutations | |  3.6
Evocations     | |  1.2

Action                   |  1- 3 |  4- 6 || total
-------------------------+-------+-------++-------
Melee: Spear             |    86 |       ||    86
       Short sword       |     9 |     7 ||    16
 Cast: Passwall          |     5 |       ||     5
  Use: Scroll            |     3 |       ||     3
       Potion            |       |     4 ||     4
Armor: Leather armour    |    24 |     2 ||    26
Dodge: Dodged            |    31 |     4 ||    35
